 Dungeon Crawl Stone Soup version 0.19.0-19-g8c6edcc (console) character file.

58461 Kloppie the Bludgeoner (level 14, -4/119 HPs)
             Began as a Demonspawn Berserker on Nov 12, 2016.
             Was a High Priest of Trog.
             Slain by an ice devil (10 damage)
             ... on level 6 of the Lair of Beasts.
             The game lasted 00:31:11 (19995 turns).

Kloppie the Bludgeoner (Demonspawn Berserker)      Turns: 19995, Time: 00:31:11

Health: -4/119     AC: 30    Str: 18    XL:     14   Next: 49%
Magic:  14/14      EV:  7    Int:  8    God:    Trog [*****.]
Gold:   1313       SH:  0    Dex: 18    Spells: 0 memorised, 13 levels left

rFire  . . .     SeeInvis .     a - +2 flail (crush)
rCold  . . .     Gourm    .     O - +0 plate armour
rNeg   . . .     Faith    .     (no shield)
rPois  +         Spirit   .     u - +2 helmet
rElec  .         Reflect  .     I - +2 cloak
rCorr  .         Harm     .     y - +0 pair of gloves (curse)
MR     +++..                    U - +2 pair of boots
Stlth  ..........               (no amulet)
                                G - +3 ring of slaying
                                s - ring of poison resistance

@: lethally poisoned (-4 -> -4), exhausted, weakened, regenerating, slowed, very
slow
A: talons 2, molten scales 2, spiny 2
a: Berserk, Trog's Hand, Brothers in Arms, Burn Spellbooks, Renounce Religion


You were on level 6 of the Lair of Beasts.
You worshipped Trog.
Trog was extremely pleased with you.
You were near starving.

You visited 3 branches of the dungeon, and saw 20 of its levels.

You collected 1313 gold pieces.

Inventory:

Hand Weapons
 a - a +2 flail of crushing (weapon)
Armour
 m - the +3 ring mail of Fortification {rC- MR++ rCorr Str+9}
   (You found it on level 2 of the Lair of Beasts)

   It affects your strength (+9).
   It makes you vulnerable to cold.
   It affects your resistance to hostile enchantments.
   It protects you from acid and corrosion.
 u - a +2 helmet (worn)
 y - a cursed +0 pair of gloves (worn)
 I - a +2 cloak (worn)
 O - a +0 plate armour (worn)
 U - a +2 pair of boots (worn)
Rods
 L - a +2 rod of shadows (12/12)
   (You found it on level 8 of the Dungeon)
 M - a +1 rod of ignition (12/12)
   (You found it on level 8 of the Dungeon)
Jewellery
 s - a ring of poison resistance (left hand)
 t - the ring of Uprocw {Fire SInv}
   (You found it on level 7 of the Dungeon)

   [ring of fire]

   It enhances your fire magic.
   It protects you from fire.
   It makes you vulnerable to cold.
   It lets you see invisible.
 v - a +2 ring of slaying
 B - an uncursed ring of fire
 G - a +3 ring of slaying (right hand)
Wands
 F - a wand of digging (11/24)
 R - a wand of enslavement (10/24)
 S - a wand of lightning (6/15)
Scrolls
 b - 2 scrolls of recharging
 e - 7 scrolls of teleportation
 f - 8 scrolls of remove curse
 g - 2 scrolls of fog
 k - 3 scrolls of enchant weapon
 n - a scroll of fear
 q - 3 scrolls of magic mapping
 w - a scroll of amnesia {unknown}
 Q - a scroll of blinking
 V - a scroll of holy word {unknown}
Potions
 d - 2 potions of heal wounds
 i - 4 potions of cancellation
 l - 5 potions of curing
 o - 4 potions of flight
 p - 4 potions of agility
 x - 4 potions of brilliance
 z - 4 potions of might
 D - 2 potions of haste
 K - a potion of magic
 N - a potion of invisibility
 T - a potion of berserk rage {unknown}
Books
 W - a book of Maledictions

   Spells                             Type                      Level
   a - Corona                         Hexes                        1
   b - Ensorcelled Hibernation        Hexes/Ice                    2
   c - Confuse                        Hexes                        3
   d - Tukima's Dance                 Hexes                        3
   e - Dazzling Spray                 Conjuration/Hexes            3
   Trog disapproves of the use of such an item.
Comestibles
 c - 8 bread rations
 h - 7 meat rations
 j - 41 fruits
 J - 3 beef jerkies
 P - a slice of pizza


   Skills:
 + Level 13.9 Fighting
 - Level 16.0 Maces & Flails
 + Level 11.4 Armour
 - Level 1.7 Dodging


You had 13 spell levels left.
You didn't know any spells.

Dungeon Overview and Level Annotations

Branches:
Dungeon (12/15)            Temple (0/1) D:7            Lair (6/6) D:8
  Swamp (0/4) Lair:2        Snake (0/4) Lair:3          Orc (2/2) D:11
  Slime: Lair:5-6       Elf: Orc:2

Altars:
Ashenzari
Gozag
Makhleb
Qazlal
Trog
Uskayaw
Xom
Zin
Beogh

Shops:
D:3 *   D:6 [   Orc:1 %!   Orc:2 (

Portals:
Trove: D:12 (give +2 fire dragon scales)

Annotations:
D:12 1 runed door, exclusion: orange crystal statue


Innate Abilities, Weirdness & Mutations

You have razor-sharp toenails.
You are mostly covered in molten scales. (AC +3)
You are mostly covered in sharp spines.


Message History

The hell beast completely misses you.
The hell beast tramples you but does no damage.
The orange demon stings you from afar.
* * * LOW HITPOINT WARNING * * *
The ice devil hits you.
* * * LOW HITPOINT WARNING * * *
The ice devil freezes you!
* * * LOW HITPOINT WARNING * * *
You closely miss the hell beast.
The hell beast is almost dead.
You feel sick. The hell beast closely misses you.
The hell beast tramples you but does no damage.
The orange demon stings you but does no damage.
The hell beast is struck by your spines.
The hell beast bites you but does no damage.
The hell beast tramples you but does no damage.
The ice devil hits you.
* * * LOW HITPOINT WARNING * * *
The ice devil freezes you!
You die...

♣♣♣♣♣+#########.............#
♣ #........#...8....8....# ♣
#..8.8...'.............# ♣♣
#...8.8..############### .♣♣
#..8.8...#....... ..♣
#...8.8..#....... ..♣
#..8.8...44..._.. .♣♣
#...8.842#....... ♣♣
#......@.#.....§≈
#############§≈≈≈ ≈§≈ ##


You could see a hell beast, an orange demon and 2 ice devils.

Vanquished Creatures
  Kirke (Lair:5)
  The ghost of Zigma the Grappler, a journeyman DrTm of Qazlal (Lair:3)
  Azrael (Orc:1)
  A dire elephant (Lair:6)
  The ghost of Timinator the Blocker, a journeyman FoFi of Xom (D:12)
  An ogre mage (Orc:2)
  Josephine (D:12)
  Erolcha (D:12)
  7 hydras
  The ghost of Minion the Spear-Bearer, a journeyman FoFi of the Shining One (D:9)
  9 death yaks
  The ghost of newuser the Covert, a novice DgEn (Lair:2)
  Nergalle (Lair:4)
  A wizard (Lair:6)
  Pikel (D:7)
  An orc knight (Orc:1)
  3 orc sorcerers (Orc:2)
  3 cyclopes
  A manticore (D:12)
  An ugly thing (D:12)
  Maurice (Orc:2)
  An elephant (Lair:6)
  9 black mambas
  Joseph (D:7)
  9 spiny frogs
  2 orange demons (Lair:6)
  3 rime drakes (Lair:6)
  13 komodo dragons
  2 ice devils (Lair:6)
  4 tyrant leeches (Lair:2)
  A hellwing (Lair:6)
  3 two-headed ogres
  A polar bear (Lair:4)
  2 trolls
  6 slime creatures (D:12)
  8 hippogriffs
  12 blink frogs
  4 dream sheep (Lair:6)
  6 wraiths
  2 wyverns
  2 basilisks (Lair:6)
  A hog (Lair:5)
  17 yaks
  2 hungry ghosts
  4 fire elementals
  The ghost of runt the Gusty, an amateur DrAE (D:4)
  Edmund (D:4)
  A swamp worm (Lair:2)
  Menkaure (D:5)
  3 hell hounds
  14 porcupines
  13 water moccasins
  A swamp drake (D:8)
  10 orc warriors
  5 sky beasts
  A necrophage (D:12)
  An ogre (D:10)
  2 ice beasts
  2 wolves (Lair:3)
  6 centaurs
  16 crocodiles
  A big kobold (D:8)
  A wyvern zombie (D:9)
  18 bullfrogs
  A scorpion (D:5)
  A wight (D:10)
  5 howler monkeys
  4 crimson imps
  A bullfrog zombie (D:5)
  A quasit (D:9)
  2 centaur zombies
  3 hounds
  2 bullfrog skeletons
  3 orc priests
  3 jellies
  12 orc wizards
  2 centaur skeletons
  7 iguanas
  Natasha (thrice) (D:3)
  9 worker ants
  Robin (D:3)
  14 adders
  9 gnolls (D:6)
  3 shadow imps
  3 worms (D:3)
  2 dart slugs (D:1)
  5 leopard geckos
  50 orcs
  2 ball pythons (D:3)
  2 giant cockroaches (D:3)
  10 goblins
  17 hobgoblins
  6 jackals
  9 kobolds
  7 quokkas
  5 bats
  7 frilled lizards
  A giant cockroach zombie (D:6)
  2 jackal skeletons
  A quokka skeleton (D:4)
  4 rats
471 creatures vanquished.

Vanquished Creatures (others)
  A black bear (D:7)
  2 slaves (D:7)
  A crimson imp (D:7)
  8 fungi
  7 plants
19 creatures vanquished.

Grand Total: 490 creatures vanquished

Notes
Turn   | Place    | Note
-------+----------+-------------------------------------------
     0 | D:1      | Kloppie the Demonspawn Berserker began the quest for the Orb.
     0 | D:1      | Reached XP level 1. HP: 18/18 MP: 1/1
   262 | D:1      | Reached skill level 3 in Maces & Flails
   262 | D:1      | Gained mutation: You are partially covered in molten scales. (AC +2) [demonic ancestry]
   262 | D:1      | Reached XP level 2. HP: 22/24 MP: 2/2
   691 | D:1      | Reached ** piety under Trog
   723 | D:2      | Reached XP level 3. HP: 28/29 MP: 3/3
  1584 | D:3      | You fall through a shaft!
  1607 | D:4      | Gained mutation: You are mostly covered in molten scales. (AC +3) [demonic ancestry]
  1607 | D:4      | Reached XP level 4. HP: 24/37 MP: 4/4
  1722 | D:3      | Found Gozag's Platinum Reserve.
  1723 | D:3      | Found an opulent altar of Gozag.
  1723 | D:3      | Noticed Robin
  2120 | D:3      | Killed Robin
  2120 | D:3      | Reached skill level 4 in Maces & Flails
  2377 | D:3      | Noticed Natasha
  2390 | D:3      | Killed Natasha
  2390 | D:3      | Gained mutation: You have sharp toenails. [demonic ancestry]
  2390 | D:3      | Reached XP level 5. HP: 16/43 MP: 5/5
  2599 | D:3      | Noticed Natasha
  2609 | D:3      | Killed Natasha
  2625 | D:3      | Noticed Natasha
  2631 | D:3      | Killed Natasha
  2631 | D:3      | Reached skill level 5 in Fighting
  2940 | D:3      | Reached *** piety under Trog
  3102 | D:3      | Gained mutation: You are partially covered in sharp spines. [demonic ancestry]
  3102 | D:3      | Reached XP level 6. HP: 51/51 MP: 6/6
  3270 | D:4      | Found a shattered altar of Ashenzari.
  3358 | D:4      | Noticed runt's ghost (amateur DrAE)
  3381 | D:4      | Killed runt's ghost
  3381 | D:4      | Reached skill level 5 in Maces & Flails
  3440 | D:4      | Found a glowing silver altar of Zin.
  3504 | D:4      | Found a stormy altar of Qazlal.
  3669 | D:4      | Noticed Edmund
  3681 | D:4      | Killed Edmund
  3681 | D:4      | Reached XP level 7. HP: 58/58 MP: 7/7
  3709 | D:4      | Found a hide-covered altar of Uskayaw.
  3711 | D:4      | Noticed a dagger
  3711 | D:4      | Noticed a dagger
  3881 | D:5      | Entered Level 5 of the Dungeon
  3990 | D:5      | Found a bloodstained altar of Trog.
  4203 | D:5      | Reached skill level 6 in Maces & Flails
  4383 | D:5      | Noticed Menkaure
  4397 | D:5      | Killed Menkaure
  4775 | D:6      | Reached **** piety under Trog
  4841 | D:6      | Found Nunyxaoc's Armour Boutique.
  4917 | D:6      | Reached XP level 8. HP: 63/67 MP: 8/8
  4970 | D:6      | Found a shimmering altar of Xom.
  5070 | D:6      | Reached skill level 7 in Maces & Flails
  5613 | D:7      | Got a fine platinum ring
  5676 | D:7      | Noticed Pikel
  5695 | D:7      | Killed Pikel
  5695 | D:7      | Reached skill level 8 in Maces & Flails
  5695 | D:7      | Reached XP level 9. HP: 76/76 MP: 9/9
  5789 | D:7      | Noticed Joseph
  5808 | D:7      | Killed Joseph
  5940 | D:7      | Found a staircase to the Ecumenical Temple.
  6099 | D:8      | Identified a +2 rod of shadows (12/12) (You found it on level 8 of the Dungeon)
  6394 | D:8      | Reached skill level 9 in Maces & Flails
  6496 | D:8      | Reached skill level 10 in Fighting
  6680 | D:8      | Found a staircase to the Lair.
  6730 | D:8      | Noticed a komodo dragon
  6738 | D:8      | Killed a komodo dragon
  7170 | D:8      | Gained mutation: You are mostly covered in sharp spines. [demonic ancestry]
  7170 | D:8      | Reached XP level 10. HP: 51/85 MP: 10/10
  7424 | D:8      | Identified a +1 rod of ignition (12/12) (You found it on level 8 of the Dungeon)
  7654 | D:9      | Noticed Minion's ghost (journeyman FoFi)
  7671 | D:9      | Killed Minion's ghost
  7671 | D:9      | Reached skill level 10 in Maces & Flails
  8329 | D:10     | Entered Level 10 of the Dungeon
  8494 | D:10     | Reached skill level 5 in Armour
  8504 | D:10     | Identified the ring of Uprocw {Fire SInv} (You found it on level 7 of the Dungeon)
  9039 | D:8      | Reached skill level 11 in Maces & Flails
  9098 | Lair:1   | Entered Level 1 of the Lair of Beasts
  9284 | Lair:1   | Received a gift from Trog
  9383 | Lair:1   | Reached XP level 11. HP: 88/91 MP: 11/11
  9515 | Lair:1   | You fall through a shaft!
 10007 | Lair:2   | Found a staircase to the Swamp.
 10024 | Lair:2   | Noticed newuser's ghost (novice DgEn)
 10036 | Lair:2   | Killed newuser's ghost
 10087 | Lair:2   | Got a spiked ring mail
 10113 | Lair:2   | Reached skill level 12 in Maces & Flails
 10629 | Lair:1   | Reached ***** piety under Trog
 10971 | Lair:2   | Identified the +3 ring mail of Fortification {rC- MR++ rCorr Str+9} (You found it on level 2 of the Lair of Beasts)
 11559 | Lair:3   | Noticed a four-headed hydra
 11574 | Lair:3   | Killed a four-headed hydra
 11574 | Lair:3   | Gained mutation: You have razor-sharp toenails. [demonic ancestry]
 11574 | Lair:3   | Reached XP level 12. HP: 97/97 MP: 12/12
 11958 | Lair:3   | Noticed Zigma's ghost (journeyman DrTm)
 11973 | Lair:3   | Killed Zigma's ghost
 11973 | Lair:3   | Reached skill level 13 in Maces & Flails
 11998 | Lair:3   | Found a staircase to the Snake Pit.
 12223 | Lair:3   | Noticed a six-headed hydra
 12234 | Lair:3   | Killed a six-headed hydra
 12234 | Lair:3   | Reached skill level 10 in Armour
 12832 | Lair:4   | Noticed Nergalle
 12850 | Lair:4   | Killed Nergalle
 13178 | Lair:4   | Noticed a death yak
 13178 | Lair:4   | Noticed a death yak
 13192 | Lair:4   | Noticed a death yak
 13202 | Lair:4   | Killed a death yak
 13206 | Lair:4   | Killed a death yak
 13209 | Lair:4   | Killed a death yak
 13503 | Lair:4   | Reached skill level 14 in Maces & Flails
 13560 | Lair:4   | Noticed a six-headed hydra
 13749 | Lair:4   | Killed a six-headed hydra
 14031 | Lair:5   | Reached XP level 13. HP: 88/105 MP: 13/13
 14045 | Lair:5   | Noticed Kirke
 14054 | Lair:5   | Killed Kirke
 14085 | Lair:5   | Received a gift from Trog
 14268 | Lair:5   | HP: 5/159 [death yak (19)]
 15597 | D:11     | Found a staircase to the Orcish Mines.
 15857 | D:12     | Noticed Timinator's ghost (journeyman FoFi)
 15861 | D:12     | Noticed Erolcha
 15877 | D:12     | Killed Timinator's ghost
 15881 | D:12     | Killed Erolcha
 15881 | D:12     | Reached skill level 15 in Maces & Flails
 15973 | D:12     | Noticed Josephine
 15991 | D:12     | Killed Josephine
 16217 | D:12     | Found a portal to a secret trove of treasure.
 16773 | D:12     | Found a runed door.
 16940 | Orc:1    | Entered Level 1 of the Orcish Mines
 16940 | Orc:1    | Found Tiblit's Food Shop.
 16974 | Orc:1    | Found a roughly hewn altar of Beogh.
 16992 | Orc:1    | Found Heelacw's Distillery.
 17187 | Orc:2    | Entered Level 2 of the Orcish Mines
 17787 | Orc:2    | Noticed Azrael
 18066 | Orc:1    | Killed Azrael
 18066 | Orc:1    | Reached XP level 14. HP: 116/116 MP: 14/14
 18092 | Orc:2    | Noticed Maurice
 18111 | Orc:2    | Killed Maurice
 18224 | Orc:2    | Found Wila's Antique Weapon Shop.
 18601 | Lair:6   | Entered Level 6 of the Lair of Beasts
 18808 | Lair:6   | Received a gift from Trog
 19176 | Lair:6   | Reached skill level 16 in Maces & Flails
 19243 | Lair:6   | Reached ****** piety under Trog
 19958 | Lair:6   | Found a burning altar of Makhleb.
 19995 | Lair:6   | Slain by an ice devil

Skill      XL: |  1  2  3  4  5  6  7  8  9 10 11 12 13 14 |
---------------+-------------------------------------------+-----
Maces & Flails | 3 4 5 6 8 9 11 12 14 15 16 | 16.0
Fighting       | 4 5 6 7 9 10 12 13 | 13.9
Armour         | 3 6 9 11 | 11.4
Dodging        | |  1.7

Action                   |  1- 3 |  4- 6 |  7- 9 | 10-12 | 13-15 || total
-------------------------+-------+-------+-------+-------+-------++-------
Melee: Mace              |   157 |   166 |       |       |       ||   323
       Kick              |       |    35 |    81 |   184 |    86 ||   386
       Flail             |       |    33 |   221 |   495 |   592 ||  1341
Invok: Berserk           |     1 |     7 |     6 |     9 |    11 ||    34
       Trog's Hand       |       |       |     2 |     3 |     5 ||    10
Evoke: Wand              |       |       |       |     1 |       ||     1
  Use: Scroll            |       |       |     6 |    18 |     6 ||    30
       Potion            |       |       |       |     2 |     1 ||     3
  Eat: Chunk             |     3 |    13 |    15 |    24 |    19 ||    74
       Royal jelly       |       |       |     1 |     1 |       ||     2
       Pizza             |       |       |       |     2 |       ||     2
       Meat ration       |       |       |       |     1 |     2 ||     3
Armor: Animal skin       |     2 |       |       |       |       ||     2
       Scale mail        |    88 |    69 |       |       |       ||   157
       Ring mail         |     4 |       |       |       |       ||     4
       Chain mail        |       |    49 |   104 |       |       ||   153
       Plate armour      |       |       |     4 |   263 |   367 ||   634
Dodge: Dodged            |   111 |   116 |    64 |   114 |   157 ||   562
